 Dungeon Crawl Stone Soup version 0.18-a0-1593-g7a89b71 (webtiles) character file.

59317 MenacingMecha the Bludgeoner (level 14, -9/166 HPs)
             Began as an Ogre Berserker on Mar 19, 2016.
             Was a High Priest of Trog.
             Mangled by a death yak (24 damage)
             ... on level 6 of the Lair of Beasts on Mar 20, 2016.
             The game lasted 02:22:03 (18537 turns).

MenacingMecha the Bludgeoner (Ogre Berserker)      Turns: 18537, Time: 02:22:07

Health: -9/166     AC: 10    Str: 25    XL:     14   Next: 94%
Magic:  8/8        EV: 16    Int:  8    God:    Trog [*****.]
Gold:   685        SH:  0    Dex: 16    Spells: 0 memorised, 13 levels left

rFire  . . .     SeeInvis .     u - +0 giant club
rCold  . . .     Gourm    .     g - +0 troll leather armour
rNeg   . . .     Faith    .     (shield currently unavailable)
rPois  .         Spirit   .     (helmet restricted)
rElec  +         Dismiss  .     F - +0 cloak
rCorr  .         Reflect  .     (gloves unavailable)
SustAt .         Harm     .     (boots unavailable)
MR     ++...                    D - amulet of regeneration
Stlth  +.........               h - +3 ring of protection
                                T - ring of Xom's Malicious Joy {rElec MR+ MP-9 Dex+3 Slay+3}

@: very resistant to hostile enchantments, very unstealthy
A: unfitting armour, horns 1, clever 1, tough skin 1, wild magic 1
a: Berserk, Trog's Hand, Brothers in Arms, Burn Spellbooks, Renounce Religion


You were on level 6 of the Lair of Beasts.
You worshipped Trog.
Trog was extremely pleased with you.
You were not hungry.

You visited 3 branches of the dungeon, and saw 19 of its levels.
You also visited: Labyrinth, Sewer and Ice Cave.

You collected 1961 gold pieces.
You spent 1276 gold pieces at shops.

Inventory:

Hand Weapons
 e - a +6 blowgun
 u - a +0 giant club (weapon)
Missiles
 z - 19 tomahawks
 B - 8 needles of sleeping
 L - 3 exploding tomahawks
 M - 8 curare-tipped needles
 S - 2 poisoned javelins
 X - 9 large rocks (quivered)
Armour
 g - a +0 troll leather armour (worn)
 F - a +0 cloak (worn)
Jewellery
 h - a +3 ring of protection (right hand)
 t - the ring "Jonwa" {rElec rPois MP+9 Dex-4 Stlth+}
   (You took it off a minotaur in a labyrinth)

   [ring of poison resistance]

   It affects your dexterity (-4).
   It insulates you from electricity.
   It protects you from poison.
   It affects your magic capacity (+9).
   It makes you more stealthy.
 y - an uncursed ring of ice
 D - an amulet of regeneration (around neck)
 G - an uncursed ring of protection from fire
 T - the ring of Xom's Malicious Joy (left hand) {rElec MR+ MP-9 Dex+3 Slay+3}
   (You bought it in a shop on level 2 of the Orcish Mines)

   [ring of slaying]

   It affects your dexterity (+3).
   It affects your accuracy and damage with ranged weapons and melee attacks
   (+3).
   It insulates you from electricity.
   It affects your resistance to hostile enchantments.
   It affects your magic capacity (-9).
 W - an uncursed ring of fire
Wands
 b - a wand of lightning (6/15)
 i - a wand of disintegration (16/24)
 m - a wand of confusion (43/48)
 s - a wand of lightning (6/15)
 E - a wand of paralysis (10/24)
 I - a wand of digging (14/24)
 K - a wand of iceblast (4/15)
Scrolls
 d - 3 scrolls of holy word
 j - 6 scrolls of teleportation
 l - 2 scrolls of identify
 q - a scroll of fog
 r - 3 scrolls of recharging
 C - 3 scrolls of silence
 Y - a scroll of fear
Potions
 a - 2 potions of invisibility
 f - a potion of haste
 k - 8 potions of curing
 o - 3 potions of heal wounds
 w - 3 potions of might
 J - 3 potions of agility
 P - a potion of ambrosia
 Q - 2 potions of resistance
 R - 3 potions of flight
Miscellaneous
 v - a phial of floods
 A - a legendary deck of wonders {Dowsing}
Comestibles
 c - 10 bread rations
 n - a meat ration
 p - a beef jerky
 x - 8 chunks of flesh


   Skills:
 + Level 17.0 Fighting
 + Level 18.7 Maces & Flails
 + Level 7.9 Throwing
 - Level 5.4 Armour
 - Level 10.4 Dodging
 - Level 5.0 Evocations


You had 13 spell levels left.
You didn't know any spells.

Dungeon Overview and Level Annotations

Branches:
Dungeon (11/15)            Temple (0/1) D:7            Lair (6/8) D:10
  Swamp (0/4) Lair:5       Spider (0/4) Lair:4          Orc (2/2) D:11
    Elf (0/3) Orc:2
  Slime: Lair:6-8

Altars:
Cheibriados
Dithmenos
Elyvilon
Fedhas
Makhleb
Nemelex Xobeh
Qazlal
Vehumet
Zin
The Shining One

Shops:
Orc:1 (   Orc:2 =*[%

Annotations:
D:5 elementals(behind trans stone walls)
Lair:2 stash1


Innate Abilities, Weirdness & Mutations

You are too large for most types of armour.
You have tough skin (AC +1).
You have a pair of small horns on your head.
Your mind is acute. (Int +2)
Your spells are a little harder to cast, but a little more powerful.


Message History

* * * LOW HITPOINT WARNING * * *
The catoblepas gores you!!
* * * LOW HITPOINT WARNING * * *
The death yak gores you!
* * * LOW HITPOINT WARNING * * *
You are engulfed in calcifying dust.
The yak gores you!
* * * LOW HITPOINT WARNING * * *
The catoblepas breathes a plume of calcifying dust at you.
The blast of calcifying dust hits you!
* * * LOW HITPOINT WARNING * * *
The death yak gores you but does no damage.
You turn to flesh and can move again.
Drink which item? (? for menu, Esc to quit)
You feel much better. The yak gores you!
* * * LOW HITPOINT WARNING * * *
The catoblepas breathes a plume of calcifying dust at you.
The blast of calcifying dust hits you!
* * * LOW HITPOINT WARNING * * *
The death yak gores you!!
You die...

......PP...P .P≈≈≈......
.≈≈≈≈≈≈...♣ ## P≈≈≈≈≈≈...
..# P..≈≈≈P..♣♣♣ .P..
.PP..P..(.P♣♣♣..#
♣....PPP.P.....# ##
♣.P.YY......# P#...
♣♣♣...Y@......# .....
♣♣......§P.....## .....
........§.......#. <....
.................# ......
................#........
........§................
...........#.............
.........##..............
...P....##...............


You could see a death yak, a catoblepas and a yak.

Vanquished Creatures
  Saint Roka (Orc:2)
  3 ettins (Orc:2)
  A minotaur (Lab)
  4 hydras
  6 death yaks (Lair:5)
  4 ogre magi (Orc:2)
  Pikel (D:7)
  A necromancer (IceCv)
  7 hill giants
  2 griffons
  2 orc sorcerers (Orc:2)
  An ugly thing (D:11)
  3 ice statues (IceCv)
  4 black mambas
  2 molten gargoyles (Lair:4)
  6 spiny frogs
  2 rime drakes
  5 komodo dragons
  7 ice devils (IceCv)
  5 trolls
  Grinder (D:4)
  A polar bear (Lair:5)
  15 two-headed ogres
  5 blink frogs (Lair:4)
  2 shadows (Lab)
  A hog (D:7)
  A human (D:7)
  44 yaks
  4 hippogriffs
  A basilisk (Lair:2)
  3 wargs
  10 soldier ants (Lair:2)
  9 water moccasins
  12 porcupines
  2 sky beasts (D:11)
  2 black bears
  8 orc warriors
  10 ice beasts
  A phantom (D:10)
  24 ogres
  2 centaurs (D:9)
  14 wolves
  8 crocodiles
  21 giant frogs
  A scorpion (D:9)
  11 killer bees
  5 howler monkeys
  7 crimson imps
  5 lava snakes (Lair:4)
  A quasit (D:10)
  A draconian simulacrum (IceCv)
  9 giant frog skeletons
  9 jellies
  Crazy Yiuf (D:7)
  11 orc priests
  8 iguanas
  Ijyb (D:2)
  Terence (D:3)
  16 orc wizards
  15 worker ants
  A spriggan simulacrum (IceCv)
  8 sheep
  A centaur simulacrum (IceCv)
  Robin (D:3)
  A mummy (D:8)
  3 gnolls (D:3)
  A howler monkey skeleton (D:5)
  17 adders
  3 naga simulacra (IceCv)
  51 river rats
  4 ogre simulacra (IceCv)
  A shadow imp (D:10)
  An ooze (D:2)
  An adder zombie (D:6)
  3 worms
  3 dart slugs
  8 giant geckos
  50 orcs
  7 giant cockroaches
  15 goblins
  12 hobgoblins
  4 jackals (D:6)
  4 quokkas
  6 ball pythons
  12 bats
  A giant gecko skeleton (D:7)
  10 giant newts
  A jackal skeleton (D:6)
  8 kobolds
  A quokka zombie (D:6)
  7 rats
  A fungus (D:7)
617 creatures vanquished.

Vanquished Creatures (collateral kills)
  A queen ant (Lair:2)
  The ghost of Somebody the Carver, a novice DsAK of Lugonu (D:7)
  A yak (Lair:3)
  A hippogriff (D:8)
  10 soldier ants (Lair:2)
  An orc warrior (D:7)
  A sky beast (D:7)
  2 slaves (D:7)
  2 giant frogs (D:7)
  9 killer bees
  2 howler monkeys (D:7)
  2 orc priests (D:8)
  An orc wizard (D:8)
  10 worker ants (Lair:2)
  A hound zombie (D:7)
  A howler monkey zombie (D:7)
  An orc (D:7)
47 creatures vanquished.

Vanquished Creatures (others)
  A giant frog (D:7)
  2 fungi
3 creatures vanquished.

Grand Total: 667 creatures vanquished

Notes
Turn   | Place    | Note
--------------------------------------------------------------
     0 | D:1      | MenacingMecha the Ogre Berserker began the quest for the Orb.
     0 | D:1      | Reached XP level 1. HP: 24/24 MP: 1/1
    98 | D:1      | Reached XP level 2. HP: 30/32 MP: 2/2
   303 | D:1      | Reached skill level 5 in Maces & Flails
   424 | D:1      | Reached ** piety under Trog
   491 | D:1      | Reached XP level 3. HP: 39/39 MP: 3/3
   756 | D:2      | Reached skill level 6 in Maces & Flails
   890 | D:2      | Reached XP level 4. HP: 48/48 MP: 4/4
  1024 | D:2      | Noticed Ijyb
  1032 | D:2      | Killed Ijyb
  1032 | D:2      | Reached skill level 7 in Maces & Flails
  1210 | D:2      | Reached XP level 5. HP: 43/54 MP: 5/5
  1528 | D:3      | Reached *** piety under Trog
  1592 | D:3      | Noticed an ice beast
  1602 | D:3      | Killed an ice beast
  1602 | D:3      | Reached skill level 8 in Maces & Flails
  1643 | D:3      | Reached XP level 6. HP: 62/62 MP: 6/6
  1794 | D:3      | Noticed Robin
  1808 | D:3      | Killed Robin
  1808 | D:3      | Reached skill level 9 in Maces & Flails
  2020 | D:3      | Found a glowing silver altar of Zin.
  2020 | D:3      | Found a white marble altar of Elyvilon.
  2046 | D:3      | Noticed Terence
  2055 | D:3      | Killed Terence
  2733 | D:4      | Reached XP level 7. HP: 47/70 MP: 7/7
  2824 | D:4      | Reached skill level 10 in Maces & Flails
  2851 | D:4      | Noticed Grinder
  2871 | D:4      | Killed Grinder
  2871 | D:4      | Reached skill level 11 in Maces & Flails
  3101 | D:4      | Reached **** piety under Trog
  3234 | D:5      | Entered Level 5 of the Dungeon
  3300 | D:5      | Found a stormy altar of Qazlal.
  3301 | D:5      | Noticed an air elemental
  3301 | D:5      | Noticed a water elemental
  3301 | D:5      | Noticed a fire elemental
  3444 | D:5      | Found a radiant altar of Vehumet.
  3467 | D:5      | Reached skill level 1 in Throwing
  3704 | D:6      | Reached XP level 8. HP: 69/78 MP: 8/8
  3767 | D:6      | Found a glowing drain.
  3777 | Sewer    | Entered a sewer
  4473 | D:6      | Reached skill level 12 in Maces & Flails
  4777 | D:6      | Found a sparkling altar of Nemelex Xobeh.
  4777 | D:6      | Noticed a troll
  4843 | D:6      | Identified the Almanac of Gliding Attacks
  5054 | D:7      | Noticed Somebody's ghost (novice DsAK)
  5060 | D:7      | Killed Somebody's ghost
  5060 | D:7      | Reached skill level 5 in Throwing
  5060 | D:7      | Reached XP level 9. HP: 74/84 MP: 9/9
  5076 | D:7      | Reached skill level 13 in Maces & Flails
  5136 | D:7      | Found a staircase to the Ecumenical Temple.
  5332 | D:7      | Found a radiant altar of Vehumet.
  5396 | D:7      | Reached skill level 5 in Fighting
  5403 | D:7      | Noticed Pikel
  5414 | D:7      | Killed Pikel
  6081 | D:7      | Reached skill level 14 in Maces & Flails
  6081 | D:7      | Reached XP level 10. HP: 96/100 MP: 10/10
  6249 | D:7      | Reached skill level 5 in Dodging
  6367 | D:7      | Noticed Crazy Yiuf
  6368 | D:7      | Killed Crazy Yiuf
  6533 | D:8      | Found a glowing golden altar of the Shining One.
  6610 | D:8      | Found a glowing silver altar of Zin.
  6861 | D:9      | Received a gift from Trog
  7193 | D:9      | Found a blossoming altar of Fedhas.
  7584 | D:9      | Found a burning altar of Makhleb.
  7646 | D:10     | Entered Level 10 of the Dungeon
  7646 | D:10     | Found a staircase to the Lair.
  7655 | D:10     | Reached ***** piety under Trog
  7790 | D:10     | Noticed a hill giant
  7795 | D:10     | Killed a hill giant
  7845 | D:10     | Noticed a hill giant
  7855 | D:10     | Killed a hill giant
  7855 | D:10     | Reached skill level 15 in Maces & Flails
  7856 | D:10     | Noticed a hill giant
  7864 | D:10     | Killed a hill giant
  7864 | D:10     | Reached XP level 11. HP: 115/115 MP: 11/11
  8198 | D:10     | Noticed a hill giant
  8200 | D:10     | Killed a hill giant
  8278 | D:10     | Noticed a hill giant
  8282 | D:10     | Killed a hill giant
  8282 | D:10     | Reached skill level 10 in Fighting
  8584 | D:10     | Gained mutation: Your spells are a little harder to cast, but a little more powerful. [potion of mutation]
  8584 | D:10     | Gained mutation: You have a pair of small horns on your head. [potion of mutation]
  8584 | D:10     | Gained mutation: Your mind is acute. (Int +2) [potion of mutation]
  8585 | D:10     | Upgraded the game from 0.18-a0-1589-g520a787 to 0.18-a0-1593-g7a89b71
  8656 | Lair:1   | Entered Level 1 of the Lair of Beasts
  9039 | D:8      | Found a snail-covered altar of Cheibriados.
 10357 | Lair:2   | Found a labyrinth entrance.
 10380 | Lab      | Entered a labyrinth
 10611 | Lab      | Reached skill level 16 in Maces & Flails
 10654 | Lab      | Noticed a minotaur
 10666 | Lab      | Killed a minotaur
 10668 | Lab      | Got a scintillating tin ring
 10680 | Lab      | Identified Runkickam's Guide on Talismans
 10684 | Lab      | Identified the ring "Jonwa" {rElec rPois MP+9 Dex-4 Stlth+} (You took it off a minotaur in a labyrinth)
 10914 | Lair:2   | Found a shadowy altar of Dithmenos.
 10942 | Lair:2   | Reached skill level 1 in Armour
 10964 | Lair:2   | Noticed a queen ant
 10964 | Lair:2   | Reached XP level 12. HP: 90/132 MP: 12/12
 10988 | Lair:2   | Received a gift from Trog
 10998 | Lair:2   | Killed a queen ant
 11282 | Lair:2   | Noticed a five-headed hydra
 11287 | Lair:2   | Killed a five-headed hydra
 11653 | Lair:3   | Noticed an eight-headed hydra
 11656 | Lair:3   | Killed an eight-headed hydra
 11656 | Lair:3   | Reached skill level 17 in Maces & Flails
 11774 | Lair:3   | Found a frozen archway.
 11820 | IceCv    | Entered an ice cave
 12282 | IceCv    | Got a dazzling trident
 12767 | Lair:3   | Received a gift from Trog
 12781 | Lair:3   | Reached XP level 13. HP: 145/145 MP: 13/13
 13444 | Lair:4   | Found a hole to the Spider Nest.
 13460 | Lair:4   | Reached skill level 18 in Maces & Flails
 13841 | Lair:4   | Reached skill level 10 in Dodging
 13841 | Lair:4   | Reached skill level 1 in Evocations
 14940 | D:11     | Received a gift from Trog
 15199 | D:11     | Reached skill level 15 in Fighting
 15492 | D:11     | Found a staircase to the Orcish Mines.
 15641 | Orc:1    | Entered Level 1 of the Orcish Mines
 15777 | Orc:1    | Found Viedough's Antique Weapon Shop.
 15941 | Orc:2    | Entered Level 2 of the Orcish Mines
 15941 | Orc:2    | Noticed an ettin
 15951 | Orc:2    | Killed an ettin
 16013 | Orc:2    | Received a gift from Trog
 16069 | Orc:2    | Found a staircase to the Elven Halls.
 16114 | Orc:2    | Noticed an ettin
 16124 | Orc:2    | Killed an ettin
 16261 | Orc:2    | Noticed Saint Roka
 16422 | Orc:1    | Reached XP level 14. HP: 139/159 MP: 16/16
 16527 | Orc:1    | Received a gift from Trog
 16589 | Orc:2    | Killed Saint Roka
 16828 | Orc:2    | Reached skill level 5 in Evocations
 16850 | Orc:2    | Reached skill level 5 in Armour
 16851 | Orc:2    | Received a gift from Trog
 16964 | Orc:2    | Found Dobuw's Food Boutique.
 16964 | Orc:2    | Found Qojiall's Antique Armour Shoppe.
 16966 | Orc:2    | Found Loan's Assorted Antiques.
 16966 | Orc:2    | Found Ohiufirph's Jewellery Shop.
 17163 | Orc:2    | Bought the ring of Xom's Malicious Joy {rElec MR+ MP-9 Dex+3 Slay+3} for 1276 gold pieces
 17374 | Lair:4   | Received a gift from Trog
 17700 | Lair:5   | Received a gift from Trog
 18125 | Lair:5   | Found a staircase to the Swamp.
 18535 | Lair:6   | HP: 7/166 [death yak (7)]
 18536 | Lair:6   | HP: 1/166 [catoblepas/blast of calcifying dust (3)]
 18537 | Lair:6   | Mangled by a death yak

Vault maps used:
D:1:      scummos_arrival_simple_crosswalls, nrook_loot_triangle
D:2:      first_bread, uniq_iyjb
D:3:      gammafunk_temple_overflow_elements, nicolae_underground_beach,
          uniq_terence, uniq_robin
D:4:      uniq_grinder
D:5:      nicolae_qazlal_style_of_elements, basic_altar,
          minmay_misc_feat_four_crosses
D:6:      lightli_sewer_entry_pipes, minivault_11, grunt_nemelex_the_gamble
D:7:      lemuel_round_altar, minmay_temple_entry_water_ring, grunt_livestock,
          uniq_crazy_yiuf_cottage, uniq_pikel
D:8:      slow_altar_2, overflow_temple_1_default, lemuel_statue_altar
D:9:      lightli_temple_of_fire, basic_altar
D:10:     lair_0_dummy
D:11:     orc_0_dummy
Lair:2:   lab_entry_generic, basic_altar, minivault_29
Lair:3:   portal_ice_cave_entry_ice_beasts
Lair:4:   cheibrodos_magma_flow, dummy_spider_entry, grunt_megastairs_4
Lair:5:   swamp_mist_pool
Lair:6:   dpeg_slime_entry_enclosed_altar, nicolae_lair_yak_garden,
          serial_bayou_shore_a
Orc:1:    serial_shops, shop_coins, uniq_gastronok, uniq_urug
Orc:2:    st_orc_ogre_mass, uniq_saint_roka
Lab:      labyrinth_watery, nicolae_lab_grate, nicolae_lab_t_cross,
          nicolae_lab_very_dead_end, nicolae_lab_dead_end, lab_hedge
Sewer:    sewer_frog_island_01
IceCv:    ice_cave_tombish

Skill      XL: |  1  2  3  4  5  6  7  8  9 10 11 12 13 14 |
---------------+-------------------------------------------+-----
Maces & Flails | 5 6 7 8 9 11 12 14 15 16 17 18 | 18.7
Throwing       | 2 5 6 7 |  7.9
Dodging        | 4 6 8 9 10 | 10.4
Fighting       | 6 9 11 13 15 17 | 17.0
Armour         | 1 3 5 |  5.4
Evocations     | 3 5 |  5.0

Action                   |  1- 3 |  4- 6 |  7- 9 | 10-12 | 13-15 || total
-------------------------+-------+-------+-------+-------+-------++-------
Melee: Mace              |   119 |    79 |       |       |       ||   198
       Flail             |       |    88 |   238 |       |       ||   326
       Giant club        |       |       |    27 |   564 |   660 ||  1251
Throw: Large rock        |     3 |    12 |    12 |    32 |    47 ||   106
       Tomahawk          |       |       |       |    45 |    32 ||    77
       Javelin           |       |       |       |    10 |    31 ||    41
       Throwing net      |       |       |       |     2 |     1 ||     3
Invok: Berserk           |       |     1 |     1 |     5 |     7 ||    14
       Trog's Hand       |       |       |     1 |     3 |     2 ||     6
       Brothers in Arms  |       |       |     2 |     4 |     2 ||     8
Evoke: Wand              |       |     1 |     1 |     2 |       ||     4
  Use: Scroll            |       |       |    12 |     9 |    11 ||    32
       Potion            |       |       |       |     8 |     1 ||     9
 Stab: Confused          |       |     1 |       |       |       ||     1
       Distracted        |       |       |     2 |       |       ||     2
       Held in net/web   |       |       |       |     1 |       ||     1
  Eat: Chunk             |       |     7 |    11 |    21 |    21 ||    60
       Royal jelly       |       |       |     1 |       |       ||     1
       Meat ration       |       |       |       |     1 |       ||     1
       Bread ration      |       |       |       |     1 |       ||     1
       Pizza             |       |       |       |       |     1 ||     1
       Beef jerky        |       |       |       |       |     1 ||     1
